 Dungeon Crawl Stone Soup version 0.20.1-1-g8b1a95d (webtiles) character file.

329 Ladykiller69 the Bolt Thrower (level 6, -6/49 HPs)
             Began as a Formicid Hunter on July 25, 2017.
             Mangled by a crocodile (14 damage)
             ... on level 4 of the Dungeon.
             The game lasted 00:07:08 (2443 turns).

Ladykiller69 the Bolt Thrower (Formicid Hunter)     Turns: 2443, Time: 00:07:09

Health: -6/49      AC:  3    Str: 18    XL:     6   Next: 80%
Magic:  6/6        EV: 18    Int: 11    God:
Gold:   154        SH:  0    Dex: 16    Spells: 5/5 levels left

rFire    . . .     SeeInvis +   a - +0 short sword
rCold    . . .     Gourm    .   (no shield)
rNeg     . . .     Faith    .   c - +0 leather armour
rPois    .         Spirit   .   (helmet unavailable)
rElec    .         Reflect  .   (no cloak)
rCorr    .         Harm     .   (no gloves)
MR       .....                  (no boots)
Stlth    +++.......             (no amulet)
Regen    0.2/turn               (no ring)
MPRegen  0.1/turn               (no ring)

@: agile
A: permanent stasis, dig shafts and tunnels, four strong arms, antennae 3
a: Dig, Shaft Self


You were on level 4 of the Dungeon.
You were hungry.

You visited 1 branch of the dungeon, and saw 4 of its levels.

You collected 154 gold pieces.

Inventory:

Hand Weapons
 a - a +0 short sword (weapon)
 w - a +1 hand crossbow
Missiles
 d - 6 bolts
Armour
 c - a +0 leather armour (worn)
 h - a +0 pair of gloves
Jewellery
 l - an uncursed ring of see invisible {unknown}
Wands
 b - a wand of polymorph (5/24)
Scrolls
 e - 2 scrolls of identify {unknown}
 j - a scroll of blinking {unknown}
 p - a scroll of magic mapping {unknown}
 r - a scroll of recharging {unknown}
 s - a scroll of amnesia {unknown}
Potions
 n - a potion of flight {unknown}
Books
 t - a book of Flames

   Spells                             Type                      Level
   a - Flame Tongue                   Conjuration/Fire             1
   b - Throw Flame                    Conjuration/Fire             2
   c - Conjure Flame                  Conjuration/Fire             3
   d - Inner Flame                    Hexes/Fire                   3
   e - Sticky Flame                   Conjuration/Fire             4
   f - Fireball                       Conjuration/Fire             5
 u - a book of Frost

   Spells                             Type                      Level
   a - Freeze                         Ice                          1
   b - Throw Frost                    Conjuration/Ice              2
   c - Ozocubu's Armour               Charms/Ice                   3
   d - Throw Icicle                   Conjuration/Ice              4
   e - Summon Ice Beast               Ice/Summoning                4
Comestibles
 f - 6 bread rations
 g - a royal jelly
 m - 2 chunks of flesh
 o - 2 meat rations
 q - 2 fruits


   Skills:
 + Level 4.5 Fighting
 + Level 5.1 Crossbows
 + Level 2.7 Armour
 + Level 3.2 Dodging
 - Level 1.2 Stealth


You had 5 spell levels left.
You didn't know any spells.

Dungeon Overview and Level Annotations

Branches:
Dungeon (4/15)
 Temple: D:4-7

Altars:
Vehumet

Annotations:
D:4 Grinder


Innate Abilities, Weirdness & Mutations

You cannot be hasted, slowed, berserked, paralysed or teleported.
You can dig through walls and to a lower floor.
Your four strong arms can wield two-handed weapons with a shield.
You have a pair of large antennae on your head. (SInv)


Message History

Natasha claws you. The crocodile misses you.
You puncture Natasha!
Natasha is severely wounded.
Natasha completely misses you. The crocodile barely misses you.
Some of the chunks of flesh in your inventory have rotted away.
You barely miss Natasha.
Natasha is severely wounded.
Natasha completely misses you. The crocodile bites you!
* * * LOW HITPOINT WARNING * * *
You completely miss Natasha.
Natasha is severely wounded.
Natasha barely misses you. The crocodile misses you.
You hit Natasha.
You kill Natasha!
You feel Natasha's spirit has finally been put to rest.
The crocodile barely misses you.
Are you sure you want to shaft yourself?
You are feeling hungry.
The crocodile bites you!
You die...

...###########...................
...................####...#...###
..<###########..#####............
...#.....####..###........#....#.
...#.# #...........##.....#......
####.# ######......##.....#......
#.# ###......#.........><....
#.####....###!####............
#.#.....#.# #@# #............
#...#.###.# #t# #.....#......
##..#..#...###)###......#...###
###........####.(.........#...#
#....#.######..(>..#.##........
.......# #....#..###. ..........
......## #.###..(# ..........
....#(. .............###..#


You could see a crocodile.

Vanquished Creatures
  A hound (D:4)
  An orc wizard (D:4)
  Ijyb (D:3)
  Natasha (thrice) (D:4)
  2 worker ants (D:4)
  A hound skeleton (D:4)
  3 adders
  An ooze (D:1)
  2 worms (D:3)
  2 leopard geckos
  6 orcs
  12 bats
  4 giant cockroaches
  6 goblins
  3 hobgoblins
  5 jackals (D:3)
  2 quokkas
  A ball python (D:3)
  7 frilled lizards
  6 kobolds
  7 rats
76 creatures vanquished.

Notes
Turn   | Place    | Note
-------+----------+-------------------------------------------
     0 | D:1      | Ladykiller69 the Formicid Hunter began the quest for the Orb.
     0 | D:1      | Reached XP level 1. HP: 16/16 MP: 1/1
    80 | D:1      | Reached XP level 2. HP: 15/23 MP: 2/2
   429 | D:1      | Reached XP level 3. HP: 29/29 MP: 3/3
  1076 | D:2      | Reached skill level 1 in Armour
  1121 | D:2      | Reached XP level 4. HP: 30/35 MP: 4/4
  1617 | D:3      | Noticed Ijyb
  1641 | D:3      | Killed Ijyb
  1641 | D:3      | Reached XP level 5. HP: 41/41 MP: 5/5
  1802 | D:3      | Found a radiant altar of Vehumet.
  1946 | D:4      | Noticed Grinder
  1946 | D:4      | Noticed a phantom
  2242 | D:4      | Noticed Natasha
  2250 | D:4      | Killed Natasha
  2250 | D:4      | Reached XP level 6. HP: 47/48 MP: 6/6
  2413 | D:4      | Reached skill level 5 in Crossbows
  2417 | D:4      | Noticed Natasha
  2426 | D:4      | Killed Natasha
  2429 | D:4      | Noticed an ogre
  2432 | D:4      | Noticed Natasha
  2435 | D:4      | an ogre changed into a crocodile
  2442 | D:4      | Killed Natasha
  2443 | D:4      | Mangled by a crocodile

Skill      XL: |  1  2  3  4  5  6 |
---------------+-------------------+-----
Dodging        | 2 3 |  3.2
Fighting       | 3 4 |  4.5
Armour         | 1 2 |  2.7
Crossbows      | 5 |  5.1
Stealth        | |  1.2

Action                   |  1- 3 |  4- 6 || total
-------------------------+-------+-------++-------
Melee: Short sword       |   112 |   154 ||   266
 Fire: Hand crossbow     |     2 |    36 ||    38
 Abil: Dig               |       |     1 ||     1
       Shaft Self        |       |     1 ||     1
Evoke: Wand              |       |     2 ||     2
  Use: Potion            |       |     2 ||     2
 Stab: Sleeping          |     1 |       ||     1
  Eat: Chunk             |     1 |     4 ||     5
Armor: Leather armour    |    35 |    45 ||    80
Dodge: Dodged            |    71 |   124 ||   195
